 Dungeon Crawl Stone Soup version 0.31-a0-819-gf6de2f5ab6 (webtiles) character file.

Game seed: 15787370766231744610

204 Leeroy the Changeling (level 5, -3/37 HPs)
             Began as a Merfolk Shapeshifter on Sept 23, 2023.
             Was an Initiate of Wu Jian.
             Slain by an iguana (13 damage)
             ... on level 4 of the Dungeon.
             The game lasted 00:03:41 (2604 turns).

Leeroy the Changeling (Merfolk Shapeshifter)        Turns: 2604, Time: 00:03:41

Health: -3/37      AC:  3    Str: 16    XL:     5   Next: 82%
Magic:  5/5        EV: 12    Int: 10    God:    Wu Jian [......]
Gold:   134        SH:  0    Dex: 13    Spells: 4/4 levels left

rFire   . .          .
                       - Unarmed
rCold   + . .        (no shield)
rNeg    . . .        p - +0 leather armour {rC+}
rPois   .            (helmet currently unavailable)
rElec   .            (cloak currently unavailable)
rCorr   .            (gloves currently unavailable)
SInv    .            (boots currently unavailable)
Will    .....        (no amulet)
Stlth   +            (no ring)
HPRegen 0.26/turn    (no ring)
MPRegen 0.09/turn

%: no passive effects
@: beast-form
A: beast (slay +3), (nimble swimmer 2), mertail
a: Begin Untransformation, Renounce Religion


You were on level 4 of the Dungeon.
You worshipped Wu Jian.
Wu Jian was noncommittal.
You were a hulking beast.
You visited 2 branches of the dungeon, and saw 5 of its levels.

You collected 134 gold pieces.

Inventory:

Hand Weapons
 s - the +6 sling "Ugevimp" {freeze, Str+3}
   (You found it on level 2 of the Dungeon)

   Str+3:     It affects your strength (+3).
Missiles
 l - 4 poisoned darts
Armour
 a - a +0 animal skin
 k - a +0 pair of boots
 p - a +0 leather armour of cold resistance (worn)
Jewellery
 x - a ring of see invisible
 y - a ring of magical power
Talismans
 c - a beast talisman (active)
 d - a flux talisman
Scrolls
 e - a scroll of amnesia
 f - a scroll of fog {unknown}
 g - a scroll of enchant weapon {unknown}
 i - 2 scrolls of identify {unknown}
 j - 2 scrolls of teleportation {unknown}
 n - 3 scrolls of brand weapon {unknown}
 o - a scroll of blinking {unknown}
 r - a scroll of immolation {unknown}
 v - a scroll of enchant armour {unknown}
 w - a scroll of fear {unknown}
Potions
 h - a potion of ambrosia {unknown}
 m - 2 potions of mutation {unknown}
 q - a potion of berserk rage {unknown}
 t - 2 potions of curing {unknown}
 u - a potion of degeneration {unknown}
 z - a potion of resistance {unknown}


   Skills:
 - Level 1.1 Fighting
 - Level 2.6 Dodging
 - Level 5.1 Unarmed Combat
 + Level 6.4 Shapeshifting


You had 4 spell levels left.
You didn't know any spells.
Your spell library contained the following spells:

 Spells                   Type           Power      Damage    Failure   Level
 Summon Small Mammal      Summ           0%         N/A       43%         1
 Lesser Beckoning         Tloc           0%         N/A       56%         2
 Call Canine Familiar     Summ           0%         N/A       80%         3
 Gell's Gravitas          Tloc           0%         N/A       80%         3
 Summon Guardian Golem    Hex/Summ       0%         N/A       80%         3
 Teleport Other           Tloc           0%         N/A       80%         3


Dungeon Overview and Level Annotations

Branches:
Dungeon (4/15)             Temple (1/1) D:4

Altars:
Ashenzari
Cheibriados
Dithmenos
Elyvilon
Gozag
Hepliaklqana
Makhleb
Nemelex Xobeh
Okawaru
Qazlal
Ru
Sif Muna
Trog
Wu Jian
Xom
Yredelemnul
The Shining One

Shops:
D:2 =


Innate Abilities, Weirdness & Mutations

You are a hulking beast.
Your limbs bulge with bestial killing power. (Slay +3)
((You are very nimble when in or above water. (Stealth+, EV+, Speed+++)))
Your lower body shifts to a powerful aquatic tail in water.


Message History

The ball python hisses angrily.
You hear the rusting of a very distant drain.
You closely miss the adder. The adder barely misses you.
You closely miss the adder. The adder closely misses you. The adder bites you.
You hit the adder.
The adder is moderately wounded.
The adder closely misses you.
You punch the adder!
You kill the adder!
The Council accepts your kill.
You hit the ball python.
You kill the ball python!
The Council accepts your kill.
You lunge at the iguana.
You closely miss the iguana. The iguana bites you!
You punch the iguana!
The iguana is heavily wounded.
The iguana bites you.
You punch the iguana!
The iguana is almost dead.
The iguana bites you.
You barely miss the iguana.
The iguana is almost dead.
The iguana bites you.
You hit the iguana but do no damage.
The iguana is almost dead.
The iguana barely misses you.
You hit the iguana.
The iguana is almost dead.
The iguana bites you!
* * * LOW HITPOINT WARNING * * *
You hit the iguana but do no damage.
The iguana is almost dead.
The iguana closely misses you.
You hit the iguana but do no damage.
The iguana is almost dead.
The iguana barely misses you.
You closely miss the iguana.
The iguana is almost dead.
The iguana bites you!
You die...

......#.#..##.....#
..# #.....
...#....#...##.8.#
## ######
...##(###....#?..#
..........##......
..#####..## #.#.#
..# ##.# ..# ..#
#.##### #.# ..#
#.....###.# ..O
######..##h#
+..........l#
###.....)..##
#........#
#.....$..#
#.......>.
#.......###
#.......# #$......+


You could see an iguana.

Vanquished Creatures
  A scorpion (D:4)
  An iguana (D:4)
  4 adders
  A worm (D:2)
  7 orcs
  9 endoplasms
  3 giant cockroaches
  5 goblins
  4 hobgoblins
  3 jackals (D:4)
  3 quokkas
  5 ball pythons
  8 bats
  6 frilled lizards
  4 kobolds
  10 rats
74 creatures vanquished.

Notes
Turn   | Place    | Note
-------+----------+-------------------------------------------
     0 | D:1      | Leeroy the Merfolk Shapeshifter began the quest for the
                  | Orb.
     0 | D:1      | Reached XP level 1. HP: 15/15 MP: 1/1
   177 | D:1      | Reached XP level 2. HP: 21/21 MP: 2/2
   887 | D:2      | Reached XP level 3. HP: 21/26 MP: 3/3
  1059 | D:2      | Reached skill level 5 in Unarmed Combat
  1081 | D:2      | Found Avvesoocu's Jewellery Shoppe.
  1162 | D:2      | Identified the +6 sling "Ugevimp" {freeze, Str+3}
  1236 | D:2      | Reached XP level 4. HP: 20/32 MP: 4/4
  1686 | D:3      | Found a stormy altar of Qazlal.
  1963 | D:3      | Found a faded altar of an unknown god.
  2237 | D:4      | Reached skill level 5 in Shapeshifting
  2237 | D:4      | Reached XP level 5. HP: 3/37 MP: 5/5
  2250 | D:4      | Reached skill level 6 in Shapeshifting
  2472 | D:4      | Found a staircase to the Ecumenical Temple.
  2479 | Temple   | Entered the Ecumenical Temple
  2483 | Temple   | Became a worshipper of the Wu Jian Council
  2565 | D:4      | Noticed an ogre
  2604 | D:4      | Slain by an iguana

Illustrated notes

Levels and vault maps discovered:
D:1:      grunt_arrival_crossed_arrows, layout_basic
D:2:      layout_loops_ring, serial_shops, nicolae_shop_gaudy_bauble
D:3:      layout_basic, old_standard_altar, shapermc_ecumenical_altar_acropolis
D:4:      layout_basic, minmay_temple_entry_waves, portal_sewer_entry_b
Temple:   nicolae_temple_x_marks_the_god

Skill      XL: |  1  2  3  4  5 |
---------------+----------------+-----
Unarmed Combat | 4 5 |  5.1
Shapeshifting  | 5 6 |  6.4
Fighting       | |  1.1
Dodging        | |  2.6

Action                     |  1- 3 |  4- 6 || total
---------------------------+-------+-------++-------
  Melee: Unarmed           |    84 |   100 ||   184
         Punch             |     2 |     3 ||     5
Ability: Lunge             |       |     2 ||     2
    Use: Scroll            |       |     1 ||     1
         Potion            |       |     1 ||     1
   Stab: Sleeping          |       |     1 ||     1
 Armour: Animal skin       |    25 |       ||    25
         Leather armour    |    17 |    59 ||    76
         Skin              |       |     2 ||     2
  Dodge: Dodged            |    50 |    44 ||    94

Table legend: (Time is in decaauts)
 A = Elapsed time spent in this place.
 B = Non-inter-level travel time spent in this place.
 C = Inter-level travel time spent in this place.
 D = Time resting spent in this place.
 E = Time spent auto-exploring this place.
 F = Levels seen in this place.
 G = Mean time per level.
                   A        B        C        D        E       F      G
               +--------+--------+--------+--------+--------+-----+--------+
         Total |   2588 |   2497 |     91 |    110 |   1864 |   5 |  517.6 |
       Dungeon |   2580 |   2489 |     91 |    110 |   1864 |   4 |  645.0 |
        Temple |      8 |      8 |      0 |      0 |      0 |   1 |    8.0 |
               +--------+--------+--------+--------+--------+-----+--------+

Top non-repeatable levels by time:
     D:1: 831 daAuts
     D:2: 790 daAuts
     D:3: 590 daAuts
     D:4: 367 daAuts
  Temple: 8 daAuts
